 Dungeon Crawl Stone Soup version 0.22-a0-126-g307c7c3 (webtiles) character file.

188 SnubMonkey the Shooter (level 5, -2/45 HPs)
             Began as a Centaur Hunter on Jan 30, 2018.
             Killed from afar by an orc wizard (13 damage)
             ... with a puff of flame
             ... on level 4 of the Dungeon.
             The game lasted 00:07:10 (3617 turns).

SnubMonkey the Shooter (Centaur Hunter)             Turns: 3617, Time: 00:07:11

Health: -2/45      AC:  6    Str: 18    XL:     5   Next: 39%
Magic:  5/5        EV:  7    Int: 10    God:
Gold:   184        SH:  0    Dex: 10    Spells: 4/4 levels left

rFire    . . .     SeeInvis .   b - +0 short sword
rCold    . . .     Gourm    .   (no shield)
rNeg     . . .     Faith    .   o - +0 scale mail
rPois    .         Spirit   .   (no helmet)
rElec    .         Reflect  .   v - scarf {repulsion}
rCorr    .         Harm     .   (no gloves)
MR       .....                  (no barding)
Stlth    ..........             (no amulet)
HPRegen  0.15/turn              e - +3 ring of strength
MPRegen  0.09/turn              (no ring)

@: repel missiles, very quick
A: large, hooves 3, deformed body, speed 2, tough skin 3
a: no special abilities


You were on level 4 of the Dungeon.
You were not hungry.

You visited 1 branch of the dungeon, and saw 4 of its levels.

You collected 184 gold pieces.

Inventory:

Hand Weapons
 a - a +1 shortbow
 b - a +0 short sword (weapon)
 i - a +0 trident
Missiles
 d - 52 arrows (quivered)
Armour
 o - a +0 scale mail (worn)
 v - a scarf of repulsion (worn)
Jewellery
 e - a +3 ring of strength (left hand)
Scrolls
 h - 3 scrolls of teleportation
 k - 2 scrolls of amnesia {unknown}
 m - 2 scrolls of remove curse
 s - a scroll of blinking {unknown}
 w - a scroll of fear {unknown}
Potions
 c - a potion of ambrosia {unknown}
 g - 2 potions of lignification
 l - 2 potions of might
 n - a potion of degeneration {unknown}
 r - a potion of brilliance {unknown}
 t - 3 potions of curing
 u - a potion of berserk rage {unknown}
Books
 p - a book of Maledictions

   Spells                             Type                      Level
   a - Corona                         Hexes                        1
   b - Ensorcelled Hibernation        Hexes/Ice                    2
   c - Confuse                        Hexes                        3
   d - Tukima's Dance                 Hexes                        3
   e - Dazzling Spray                 Conjuration/Hexes            3
Comestibles
 f - 4 rations


   Skills:
 + Level 3.5 Fighting
 * Level 7.9 Bows
 - Level 1.3 Dodging
 - Level 0.4 Stealth


You had 4 spell levels left.
You didn't know any spells.

Dungeon Overview and Level Annotations

Branches:
Dungeon (4/15)
 Temple: D:4-7

Altars:

Annotations:
D:4 zero's ghost, novice SpEn


Innate Abilities, Weirdness & Mutations

You have hooves in place of feet.
Armour fits poorly on your strangely shaped body.
You cover ground very quickly.
You have extremely tough skin. (AC +3)


Message History

The orc wizard hits you but does no damage.
Zero's ghost (novice Spriggan Enchanter) comes into view.
You barely miss the orc wizard.
Zero's ghost turns its malevolent gaze towards you.
Your kick misses the orc wizard.
The orc wizard is heavily wounded.
The orc wizard gestures at you while chanting.
The puff of flame hits you!
* * * LOW HITPOINT WARNING * * *
You closely miss the orc wizard.
The orc wizard is heavily wounded.
The orc wizard hits you but does no damage.
You closely miss the orc wizard. Your kick misses the orc wizard.
The orc wizard is heavily wounded.
The orc wizard barely misses you.
You barely miss the orc wizard. You kick the orc wizard.
The orc wizard is severely wounded.
The orc wizard casts a spell at you. The puff of flame hits you!
You die...

##########
#...@...?#
#..<)o...#
#........#
#......W....
#.......)###
#........#
#........#
####.#####


You could see an orc wizard and zero's ghost.

Vanquished Creatures
  An orc priest (D:3)
  A worker ant (D:3)
  3 gnolls (D:3)
  2 adders
  An ooze (D:2)
  2 worms (D:3)
  A dart slug (D:1)
  2 leopard geckos
  10 orcs
  3 giant cockroaches
  10 goblins
  3 hobgoblins
  A quokka (D:3)
  3 ball pythons
  9 bats
  3 frilled lizards
  5 kobolds
  11 rats
71 creatures vanquished.

Vanquished Creatures (others)
  9 toadstools (D:4)
9 creatures vanquished.

Grand Total: 80 creatures vanquished

Notes
Turn   | Place    | Note
-------+----------+-------------------------------------------
     0 | D:1      | SnubMonkey the Centaur Hunter began the quest for the Orb.
     0 | D:1      | Reached XP level 1. HP: 17/17 MP: 1/1
   341 | D:1      | Reached XP level 2. HP: 24/24 MP: 2/2
   656 | D:1      | Reached skill level 6 in Bows
  1124 | D:2      | Reached XP level 3. HP: 30/30 MP: 3/3
  2032 | D:3      | Reached XP level 4. HP: 30/37 MP: 4/4
  2034 | D:3      | Reached skill level 7 in Bows
  3070 | D:3      | Reached XP level 5. HP: 43/45 MP: 5/5
  3614 | D:4      | Noticed zero's ghost (novice SpEn)
  3617 | D:4      | Killed from afar by an orc wizard

Vault maps used:
D:1:      evilmike_arrival_fibonacci_small
D:2:      kennysheep_generic_room_9
D:3:      first_ration, dk_noncrumbling_4
D:4:      cheibrodos_fertilizer, nemelex_altar_shiori,
          kennysheep_okawaru_gauntlet, grunt_ministairs_9, uniq_robin

Skill      XL: |  1  2  3  4 |
---------------+-------------+-----
Bows           | 6 7 |  7.9
Fighting       | 3 |  3.5
Dodging        | |  1.3
Stealth        | |  0.4

Action                   |  1- 3 |  4- 6 || total
-------------------------+-------+-------++-------
Melee: Short sword       |   118 |    67 ||   185
       Kick              |    26 |    17 ||    43
 Fire: Shortbow          |     6 |    23 ||    29
  Use: Scroll            |     3 |     2 ||     5
  Eat: Chunk             |     1 |     5 ||     6
Armor: Leather armour    |    15 |       ||    15
       Scale mail        |    39 |    27 ||    66
Dodge: Dodged            |    63 |    31 ||    94
       Deflected         |       |     1 ||     1

Table legend:
 A = Spawn XP
 B = Non-spawn XP
 C = Spawn XP percentage of total XP
 D = Spawn monster count
 E = Non-spawn monster count
 F = Spawn count percentage of total count
 G = Total turns spent on level
                    A         B        C        D         E        F      G
               +---------+---------+-------+---------+---------+-------+---------
         Total |       0 |     269 |   0.0 |       0 |      71 |   0.0 |  3617
               +---------+---------+-------+---------+---------+-------+---------
           D:1 |       0 |      26 |   0.0 |       0 |      18 |   0.0 |   944
           D:2 |       0 |      59 |   0.0 |       0 |      22 |   0.0 |  1191
           D:3 |       0 |     181 |   0.0 |       0 |      30 |   0.0 |  1452
           D:4 |       0 |       3 |   0.0 |       0 |       1 |   0.0 |    30
               +---------+---------+-------+---------+---------+-------+---------
